 Dungeon Crawl Stone Soup version 0.30.0-29-ga12c61a403 (webtiles) character file.

Game seed: 9486508831221223394

177506 ces the Imperceptible (level 17, -2/85 HPs)
             Began as a Spriggan Hunter on June 23, 2023.
             Was an Elder of Dithmenos.
             Hit by a large rock thrown by a stone giant (38 damage)
             ... on level 1 of the Depths on June 25, 2023.
             The game lasted 04:31:37 (49648 turns).

ces the Imperceptible (Spriggan Hunter)            Turns: 49648, Time: 04:31:38

Health: -2/85      AC: 10    Str: 16    XL:     17   Next: 54%
Magic:  32/32      EV: 37    Int: 10    God:    Dithmenos [****..]
Gold:   2077       SH:  0    Dex: 29    Spells: 13/36 levels left

rFire   x x .        a - +4 shortbow (flame)
rCold   . . .        (shield currently unavailable)
rNeg    + . .        C - +2 robe {rN+}
rPois   +            L - +2 hat
rElec   +            (no cloak)
rCorr   .            (gloves unavailable)
SInv    +            (boots unavailable)
Will    ++++.        F - amulet "Ysut" {Regen+ Str+3 Dex+4} Stlth *****+++++
                     h - +4 ring of protection
HPRegen 1.14/turn    G - ring "Panuostu" {rElec rPois rF- Will++ Str+6}
MPRegen 0.23/turn

%: no passive effects
@: hasted, wreathed by umbra, studying 2 skills, very quick
A: very small, no large weapons, unfitting armour, see invisible, speed 3,
clumsy 1, passive freeze, heat vulnerability 1
a: Renounce Religion, Shadow Step


You were on level 1 of the Depths.
You worshipped Dithmenos.
Dithmenos was greatly pleased with you.
You visited 7 branches of the dungeon, and saw 29 of its levels.
You also visited: Ice Cave and Volcano.

You collected 2993 gold pieces.
You spent 916 gold pieces at shops.

Inventory:

Hand Weapons
 a - a +4 shortbow of flaming (weapon)
 b - the +7 short sword "Babosag" {venom, rElec rF+}
   (You found it on level 4 of the Dungeon)

   rF:        It protects you from fire.
   rElec:     It insulates you from electricity.
 O - a +3 dagger of speed
 P - a +2 shortbow of draining
Missiles
 E - 2 throwing nets
Armour
 c - a +2 robe
 C - a +2 robe of positive energy (worn)
 L - a +2 hat (worn)
Jewellery
 f - an amulet of faith
 h - a +4 ring of protection (left hand)
 p - a ring of flight
 A - a +4 ring of slaying
 B - an amulet of the acrobat
 D - an amulet of guardian spirit
 F - the amulet "Ysut" (around neck) {Regen+ Str+3 Dex+4}
   (You found it on level 8 of the Dungeon)

   [amulet of regeneration]

   Str:       It affects your strength (+3).
   Dex:       It affects your dexterity (+4).
   Regen:     It increases your rate of health regeneration.
 G - the ring "Panuostu" (right hand) {rElec rPois rF- Will++ Str+6}
   (You found it on level 8 of the Dungeon)

   [ring of strength]

   Str:       It affects your strength (+6).
   rF:        It makes you vulnerable to fire.
   rElec:     It insulates you from electricity.
   rPois:     It protects you from poison.
   Will:      It greatly increases your willpower.
 N - an amulet of magic regeneration
 Q - a ring of ice
Wands
 o - a wand of roots (7)
 H - a wand of digging (22)
 R - a wand of flame (32)
Scrolls
 m - 3 scrolls of magic mapping
 r - 3 scrolls of immolation
 s - 8 scrolls of noise
 u - 8 scrolls of amnesia
 v - 13 scrolls of identify
 w - 5 scrolls of teleportation
 y - 2 scrolls of vulnerability
 z - 4 scrolls of poison
 S - a scroll of enchant armour
Potions
 d - 6 potions of curing
 e - 5 potions of attraction
 g - 2 potions of magic
 j - 5 potions of brilliance
 k - 5 potions of might
 l - a potion of cancellation
 n - 3 potions of lignification
 q - 2 potions of ambrosia
 t - a potion of berserk rage
 x - 4 potions of flight
 J - 2 potions of haste
Miscellaneous
 i - a box of beasts (inert)
 I - a piece from Xom's chessboard (15/15)
 K - a tin of tremorstones (1/2)
 T - a phial of floods


   Skills:
 - Level 7.8 Fighting
 + Level 9.6 Short Blades
 - Level 0.6(0.7) Polearms
 - Level 0.3(0.5) Staves
 + Level 14.5 Ranged Weapons
 + Level 14.9 Dodging
 + Level 24.9 Stealth
 - Level 10.0 Spellcasting
 - Level 9.7 Hexes
 - Level 0.1 Summonings
 - Level 6.7 Ice Magic
 - Level 0.2 Air Magic
 * Level 7.2 Invocations
 - Level 7.3 Evocations


You had 13 spell levels left.
You knew the following spells:

 Your Spells              Type           Power      Damage    Failure   Level
a - Shock                 Conj/Air       20%        1d4       13%         1
b - Call Imp              Summ           10%        N/A       21%         2
c - Magic Dart            Conj           20%        1d4       14%         1
d - Necrotise             Necr           20%        1d5       14%         1
e - Blink                 Tloc           10%        N/A       21%         2
f - Metabolic Englaciati  Hex/Ice        10%        N/A       13%         5
g - Tukima's Dance        Hex            24%        N/A       1%          3
h - Silence               Hex/Air        7%         N/A       45%         5
i - Mephitic Cloud        Conj/Pois/Air  5%         N/A       36%         3

Your spell library contained the following spells:

 Spells                   Type           Power      Damage    Failure   Level
 Ozocubu's Armour         Ice            18%        N/A       2%          3
 Portal Projectile        Hex/Tloc       28%        N/A       5%          3
 Beastly Appendage        Tmut           10%        N/A       14%         1
 Leda's Liquefaction      Hex/Erth       7%         N/A       19%         4
 Cigotuvi's Dreadful Rot  Necr/Pois/Air  10%        N/A       21%         2
 Lesser Beckoning         Tloc           10%        N/A       21%         2
 Momentum Strike          Conj/Tloc      10%        3d8       21%         2
 Wereblood                Tmut           5%         N/A       21%         2
 Call Canine Familiar     Summ           5%         N/A       36%         3
 Swiftness                Air            5%         N/A       36%         3
 Gell's Gravitas          Tloc           5%         N/A       38%         3
 Ignite Poison            Fire/Tmut/Pois 5%         N/A       38%         3
 Spider Form              Tmut/Pois      5%         N/A       38%         3
 Teleport Other           Tloc           5%         N/A       38%         3
 Vampiric Draining        Necr           5%         2d6       38%         3
 Yara's Violent Unravell  Hex/Tmut       7%         3d5       45%         5
 Airstrike                Air            2%         2d(1-17)  77%         4
 Summon Lightning Spire   Summ/Air       5%         N/A       77%         4
 Passage of Golubria      Tloc           5%         N/A       80%         4
 Freezing Cloud           Conj/Ice/Air   4%         6-21      82%         5
 Agony                    Necr           5%         N/A       98%         5
 Fireball                 Conj/Fire      2%         3d4       98%         5
 Iskenderun's Battlesphe  Conj           5%         2d6       98%         5
 Simulacrum               Ice/Necr       5%         N/A       99%         6
 Conjure Ball Lightning   Conj/Air       2%         3x3d6     100%        6
 Plasma Beam              Fire/Air       2%         2x1d14    100%        6
 Orb of Destruction       Conj           2%         9d5       100%        7
 Storm Form               Tmut/Air       2%         N/A       100%        7
 Borgnjor's Revivificati  Necr           2%         N/A       100%        8
 Lehudib's Crystal Spear  Conj/Erth      2%         10d2      100%        8
 Necromutation            Tmut/Necr      2%         N/A       100%        8
 Death's Door             Necr           2%         N/A       100%        9


Dungeon Overview and Level Annotations

Branches:
Dungeon (15/15)            Temple (1/1) D:7            Lair (5/5) D:10
 Shoals (1/4) Lair:2       Spider (4/4) Lair:2        Slime (1/5) Lair:5
 Vaults (0/5) D:13         Depths (2/4) D:15          IceCv (visited)
Volcano (visited)
    Orc: D:9-12

Altars:
Ashenzari
Cheibriados
Dithmenos
Elyvilon
Fedhas
Gozag
Hepliaklqana
Kikubaaqudgha
Makhleb
Nemelex Xobeh
Okawaru
Qazlal
Ru
Sif Muna
Trog
Uskayaw
Vehumet
Wu Jian
Xom
Yredelemnul
Zin
The Shining One
Jiyva

Shops:
D:7 [   D:8 [*?(   D:12 ??((*   D:14 =   Depths:1 *::[

Portals:
Hell: Depths:1
Pandemonium: Depths:1 Depths:2
Ziggurat: Depths:1

Annotations:
D:4 cdecastro's ghost, novice MiHu
D:7 Pikel
D:15 Roxanne
Lair:5 exclusion: obsidian statue
Spider:3 Aizul


Innate Abilities, Weirdness & Mutations

You are very small and have problems with some larger weapons.
You are too small for most types of armour.
You have supernaturally acute eyesight. (SInv)
You cover ground extremely quickly. (Speed+++)
You are clumsy. (Dex -2)
A frigid envelope surrounds you and freezes all who hurt you.
You are vulnerable to heat. (rF-)


Message History

You climb downwards.
The great orb of eyes turns its gaze towards you.
Found a wooden wand.
There is a stone staircase leading up here.
Your +4 shortbow of flaming stops flaming.
The +7 short sword "Babosag" {venom, rElec rF+} begins to drip with poison!
b - the +7 short sword "Babosag" (weapon)
{venom, rElec rF+} The +7 short sword "Babosag" {venom, rElec rF+} stops dripping with poison.
Your +4 shortbow of flaming bursts into flame!
a - a +4 shortbow of flaming (weapon)
You climb upwards.
There is a stone staircase leading down here.
There is an open door here.
There is an open door here.
There is an open door here.
There is an open door here.
There is an open door here.
There is an open door here.
There is an open door here.
There is an open door here.
There is an open door here.
There is an open door here.
There is an open door here.
There is an open door here.
There is an open door here.
There is an open door here.
There is an open door here.
There is a stone staircase leading down here.
You climb downwards.
The stone giant misses you.
There is a stone staircase leading up here.
The stone giant completely misses you.
You climb upwards.
There is a stone staircase leading down here.
Okay, then.
The stone giant throws a large rock.
The large rock hits you!!!
Ouch! That really hurt!
You emit a cloud of dark smoke.
You feel yourself speed up.
The stone giant throws a large rock.
The large rock hits you!!!
You die...

.# ##..#..#'####### .#
##..###.........# .#
##..##.##...§§§§.#
.######..##.∩.##..§§§§§#
..........##.##..§§§§§§#
........#..###.....§C§§#
.......###..#.......§§§#
##.....####............#
.##.........'...@......#
..#....######..........#
.♣#....# #..........#
..###### #..........#
.### #......##### ##.#
####.####### ##.#####
#..........#
.......###..........#
.......#.'..........#


You could see a stone giant.

Vanquished Creatures
  Arachne (Spider:3)
  Rupert (D:15)
  Kirke (Spider:3)
  5 emperor scorpions
  A frost giant (Depths:1)
  5 ghost moths
  A broodmother (Spider:2)
  A quicksilver ooze (Slime:1)
  A stone giant (Depths:1)
  A vampire knight (Depths:1)
  4 dire elephants (Lair:5)
  An ettin (Depths:1)
  An entropy weaver (Spider:3)
  An ice dragon (D:15)
  3 fire dragons
  5 hydras
  5 jorogumos
  A rakshasa (Depths:1)
  5 centaur warriors
  6 death yaks
  A death knight (D:15)
  4 radroaches
  2 two-headed ogres
  2 boulder beetles
  3 tengu warriors
  A spectral dire elephant (Lair:5)
  Urug (Lair:4)
  3 spectral death yaks (Lair:5)
  A skyshark (Shoals:1)
  A sixfirhy (Lair:1)
  A spectral anaconda (Lair:5)
  A fire crab (Lair:4)
  3 pharaoh ants
  A sea snake (Shoals:1)
  A skeletal warrior (D:15)
  A glowing orange brain (Depths:1)
  4 orb spiders
  A sun moth (Spider:3)
  2 phantasmal warriors (D:15)
  6 necromancers
  16 wolf spiders
  A shining eye (Slime:1)
  A manticore (shapeshifter) (D:12)
  3 fauns (Shoals:1)
  8 steelbarb worms
  6 cyclopes
  7 ugly things
  30 elephants
  2 manticores
  2 moths of wrath (Spider:2)
  A rust devil (Depths:1)
  4 black mambas
  5 demonic crawlers
  An orange demon (Depths:1)
  6 torpor snails
  10 cane toads
  3 gargoyles
  9 komodo dragons
  A kobold demonologist (D:12)
  3 efreet
  A freezing wraith (D:15)
  6 tengu conjurers
  A tormentor (Depths:1)
  A red devil (Depths:1)
  2 polar bears
  8 meliai
  A wind drake (Lair:2)
  5 trolls
  Grinder (D:3)
  35 tarantellas
  A hellwing (Depths:1)
  Prince Ribbit (D:6)
  13 blink frogs
  8 dream sheep
  A snapping turtle (Shoals:1)
  21 slime creatures
  22 jumping spiders
  22 culicivoras
  2 shadows
  Sigmund (D:3)
  A vampire (D:13)
  A fire elemental (Volcano)
  4 wyverns
  A wraith (D:10)
  Eustachio (D:6)
  43 yaks
  5 basilisks
  3 golden eyes (Slime:1)
  2 steam dragons (D:8)
  53 redbacks
  2 vampire mosquitoes (D:9)
  Menkaure (D:4)
  A spectral cane toad (Lair:5)
  Edmund (D:6)
  An acid dragon (D:13)
  12 water moccasins
  3 orc warriors
  A black bear (Lair:3)
  2 ice beasts
  A sky beast (D:8)
  7 centaurs
  22 wolves
  An elephant zombie (Lair:5)
  2 phantoms
  An elephant skeleton (Lair:5)
  12 bullfrogs
  7 kobold brigands
  Blork the orc (D:6)
  A gnoll sergeant (D:13)
  3 cane toad simulacra
  A scorpion (D:6)
  11 wights (D:8)
  A hornet simulacrum (D:14)
  An elephant simulacrum (Lair:5)
  4 killer bees
  7 howler monkeys
  3 electric eels (D:10)
  5 hounds
  7 jellies
  2 gnoll boudas
  8 orc priests
  A centaur skeleton (D:4)
  Ijyb (D:4)
  Jessica (D:3)
  2 iguanas (D:5)
  10 orc wizards
  A mummy (D:4)
  15 gnolls
  5 adders
  A shadow imp (D:8)
  2 ufetubi
  A worm (D:2)
  51 orcs
  4 ball pythons
  8 endoplasms
  2 giant cockroaches (D:2)
  3 goblins
  2 hobgoblins (D:2)
  7 jackals
  3 quokkas
  2 bats
  A frilled lizard (D:3)
  A hobgoblin zombie (D:4)
  22 kobolds
  2 kobold zombies (D:4)
  An orc zombie (D:4)
  6 rats
763 creatures vanquished.

Vanquished Creatures (others)
  3 humans (Spider:3)
3 creatures vanquished.

Grand Total: 766 creatures vanquished

Notes
Turn   | Place    | Note
-------+----------+-------------------------------------------
     0 | D:1      | ces the Spriggan Hunter began the quest for the Orb.
     0 | D:1      | Reached XP level 1. HP: 10/10 MP: 2/2
   242 | D:1      | Reached XP level 2. HP: 14/15 MP: 3/3
   662 | D:1      | Reached XP level 3. HP: 16/18 MP: 4/4
   862 | D:2      | Reached skill level 5 in Ranged Weapons
   921 | D:2      | Found an ornate altar of the Wu Jian Council.
   984 | D:2      | Reached XP level 4. HP: 23/23 MP: 5/5
  1262 | D:3      | Noticed Sigmund
  1685 | D:3      | Noticed Jessica
  1692 | D:3      | Killed Jessica
  1962 | D:4      | Noticed Ijyb
  2318 | D:3      | Noticed Grinder
  2431 | D:4      | Found a runed translucent gate.
  2431 | D:4      | Found a runed translucent gate.
  2431 | D:4      | Found a runed translucent gate.
  2438 | D:4      | Noticed cdecastro's ghost (novice MiHu)
  2441 | D:4      | Noticed Menkaure
  2737 | D:4      | Identified the +7 short sword "Babosag" {venom, rElec rF+}
  3378 | D:4      | Killed Ijyb
  3379 | D:4      | Reached skill level 2 in Stealth
  3379 | D:4      | Reached XP level 5. HP: 26/26 MP: 6/6
  3603 | D:5      | Entered Level 5 of the Dungeon
  3603 | D:5      | Noticed a phantom
  4034 | D:5      | Noticed a water moccasin
  4155 | D:5      | Reached skill level 1 in Short Blades
  4183 | D:5      | Noticed an ice beast
  4283 | D:5      | Reached skill level 3 in Stealth
  4288 | D:6      | Noticed Edmund
  4288 | D:6      | Noticed a phantom
  4298 | D:6      | Noticed a water moccasin
  5784 | D:6      | Noticed Blork the orc
  5861 | D:6      | Identified the +6 flail "Nirch" {flame, Dex+2}
  6068 | D:5      | Reached XP level 6. HP: 30/30 MP: 7/7
  6073 | D:5      | Learned a level 1 spell: Shock
  6076 | D:5      | Learned a level 2 spell: Call Imp
  6078 | D:5      | Learned a level 1 spell: Magic Dart
  6536 | D:5      | Reached skill level 4 in Stealth
  6723 | D:6      | Noticed Eustachio
  7863 | D:6      | Noticed Prince Ribbit
  8159 | D:7      | Found Jecig's Antique Armour Shoppe.
  8161 | D:7      | Noticed an ice beast
  8245 | D:7      | Reached skill level 5 in Stealth
  8484 | D:7      | Killed an ice beast
  8570 | D:7      | Reached XP level 7. HP: 35/35 MP: 8/8
  8603 | D:7      | Found a staircase to the Ecumenical Temple.
  8605 | D:7      | Noticed Pikel
  8694 | D:7      | Reached skill level 6 in Stealth
  8813 | D:7      | Got the Octavo of the Tropics and Electricity
  8837 | Temple   | Entered the Ecumenical Temple
  9133 | Temple   | Became a worshipper of Dithmenos the Shadowed
  9339 | D:3      | Killed Sigmund
  9340 | D:3      | Reached skill level 7 in Stealth
 10002 | D:6      | Reached skill level 5 in Dodging
 10005 | D:6      | Killed Blork the orc
 10006 | D:6      | Reached XP level 8. HP: 33/39 MP: 7/9
 10073 | D:5      | Reached skill level 8 in Stealth
 10681 | D:6      | Got the Incunabulum of Energetic Evolution
 10991 | D:6      | Reached skill level 5 in Short Blades
 11106 | D:6      | Killed Prince Ribbit
 11159 | D:6      | Killed Eustachio
 11160 | D:6      | Reached skill level 9 in Stealth
 11379 | D:8      | Noticed an animated plate armour
 11380 | D:8      | Found Umoeq's Armour Emporium.
 11380 | D:8      | Noticed an animated storm dragon scales
 11425 | D:8      | Reached * piety under Dithmenos
 11426 | D:8      | Reached skill level 1 in Invocations
 11426 | D:8      | Reached XP level 9. HP: 32/42 MP: 10/10
 11563 | D:8      | Found Nooraq's Magic Scroll Shoppe.
 11758 | D:8      | Noticed a cyan ugly thing
 11887 | D:9      | Reached skill level 10 in Stealth
 12036 | D:9      | Noticed a troll
 12044 | D:9      | Killed a troll
 12161 | D:9      | Noticed a troll
 12169 | D:9      | Killed a troll
 12384 | D:9      | Reached skill level 11 in Stealth
 12423 | D:9      | Reached skill level 12 in Stealth
 12529 | D:9      | Identified the +1 spear of Maurrom {venom, *Noise Will+
                  | rCorr Str+3 SInv}
 12722 | D:9      | Reached XP level 10. HP: 47/47 MP: 11/13
 12752 | D:9      | Reached skill level 13 in Stealth
 12962 | D:9      | Reached ** piety under Dithmenos
 13128 | D:10     | Entered Level 10 of the Dungeon
 13592 | D:11     | Noticed a cyclops
 13604 | D:11     | Noticed a boulder beetle
 13626 | D:11     | Noticed a purple ugly thing
 14057 | D:11     | Noticed a two-headed ogre
 14094 | D:11     | Killed a two-headed ogre
 14095 | D:11     | Reached skill level 14 in Stealth
 14213 | D:11     | Reached skill level 15 in Stealth
 14353 | D:10     | Reached skill level 16 in Stealth
 14604 | D:10     | Found a stormy altar of Qazlal.
 14805 | D:8      | Killed a cyan ugly thing
 14806 | D:8      | Reached skill level 17 in Stealth
 15112 | D:8      | Found Dowuaz's General Store.
 15210 | D:8      | Reached *** piety under Dithmenos
 15361 | D:8      | Reached skill level 18 in Stealth
 15388 | D:8      | Found Fenloyn's Weapon Shop.
 15515 | D:8      | Reached XP level 11. HP: 51/51 MP: 14/14
 15589 | D:8      | Noticed a tengu warrior
 15594 | D:8      | Killed a tengu warrior
 15598 | D:8      | Reached skill level 19 in Stealth
 15603 | D:8      | Identified the amulet "Ysut" {Regen+ Str+3 Dex+4}
 15608 | D:8      | Identified the +4 falchion of Parts Unknown {heavy, Will+}
 15612 | D:8      | Identified the ring "Panuostu" {rElec rPois rF- Will++
                  | Str+6}
 15881 | D:8      | Reached **** piety under Dithmenos
 16232 | D:3      | Killed Grinder
 16712 | D:4      | Killed Menkaure
 16713 | D:4      | Reached skill level 20 in Stealth
 17052 | D:6      | Killed Edmund
 17563 | D:10     | Found a staircase to the Lair.
 17915 | D:11     | Identified the +1 leather armour of Itwuint {SInv}
 18118 | Lair:1   | Entered Level 1 of the Lair of Beasts
 18169 | Lair:1   | Found a frozen archway.
 18180 | IceCv    | Entered an ice cave
 18180 | IceCv    | Noticed a white ugly thing
 18183 | IceCv    | Found a transporter.
 18632 | Lair:1   | Reached skill level 21 in Stealth
 18741 | Lair:1   | Reached ***** piety under Dithmenos
 19369 | Lair:2   | Reached XP level 12. HP: 56/56 MP: 15/15
 19378 | Lair:2   | Reached skill level 22 in Stealth
 19440 | Lair:2   | Found a staircase to the Shoals.
 19441 | Lair:2   | Found a hole to the Spider Nest.
 19486 | Lair:2   | Noticed a five-headed hydra
 19592 | Lair:2   | Found a dark tunnel.
 19600 | Volcano  | Entered a volcano
 20087 | Lair:2   | Reached skill level 23 in Stealth
 20404 | Lair:2   | Reached skill level 24 in Stealth
 21094 | D:4      | Reached skill level 1 in Evocations
 21562 | D:12     | Found Kyvyodu Dusi's Magic Scroll Shop.
 21565 | D:12     | Bought a scroll of identify for 30 gold pieces
 21565 | D:12     | Bought a scroll of identify for 30 gold pieces
 21605 | D:12     | Found Ebeucacaym's Magic Scroll Emporium.
 21613 | D:12     | Bought a scroll of identify for 30 gold pieces
 21745 | D:12     | Found Vyklaj's Antique Weapon Emporium.
 21757 | D:12     | Found Heaseat's Weapon Shop.
 21888 | D:12     | Found Daocir's General Store.
 21951 | D:12     | Noticed a two-headed ogre
 21958 | D:12     | Killed a two-headed ogre
 21959 | D:12     | Reached skill level 5 in Evocations
 22500 | D:13     | Noticed a centaur warrior
 22503 | D:13     | Killed a centaur warrior
 22512 | D:13     | Found a blossoming altar of Fedhas.
 22648 | D:13     | Noticed a centaur warrior
 23065 | Lair:2   | Reached skill level 10 in Dodging
 23065 | Lair:2   | Reached XP level 13. HP: 48/60 MP: 16/16
 23619 | Shoals:1 | Entered Level 1 of the Shoals
 23638 | Spider:1 | Entered Level 1 of the Spider Nest
 24944 | D:13     | Found a gate to the Vaults.
 26142 | Lair:3   | Reached skill level 10 in Ranged Weapons
 26736 | Lair:2   | Reached ****** piety under Dithmenos
 27128 | Lair:4   | Learned a level 1 spell: Necrotise
 27131 | Lair:4   | Learned a level 2 spell: Blink
 27137 | Lair:4   | Learned a level 5 spell: Metabolic Englaciation
 27142 | Lair:4   | You fall into a shaft and drop 1 floor!
 27142 | Lair:5   | Entered Level 5 of the Lair of Beasts
 27142 | Lair:5   | Found a viscous altar of Jiyva.
 27143 | Lair:5   | Found a staircase to the Slime Pits.
 27195 | Lair:5   | Reached skill level 1 in Hexes
 27207 | Lair:5   | Reached skill level 1 in Ice Magic
 27491 | Lair:4   | Noticed Urug
 27495 | Lair:4   | Killed Urug
 28408 | Lair:4   | Reached skill level 5 in Hexes
 28408 | Lair:4   | Reached XP level 14. HP: 67/67 MP: 17/17
 28709 | Lair:3   | Reached skill level 1 in Spellcasting
 28729 | Lair:3   | Identified the +7 whip "Suhit" {freeze, +Blink rElec rF-
                  | Str+5}
 29539 | D:15     | Entered Level 15 of the Dungeon
 29655 | D:15     | Found a staircase to the Depths.
 29767 | D:14     | Found Qiopenal's Jewellery Emporium.
 30308 | D:8      | Bought a scroll of acquirement for 676 gold pieces
 30308 | D:8      | Acquired 423 gold pieces
 30500 | D:12     | Bought a glowing shortbow for 150 gold pieces
 31119 | D:13     | HP: 1/67 [meliai/+0 hand axe (15)]
 31435 | D:13     | Reached skill level 5 in Spellcasting
 31435 | D:13     | Reached skill level 5 in Ice Magic
 31435 | D:13     | Reached XP level 15. HP: 70/70 MP: 21/24
 31732 | D:15     | Noticed Roxanne
 31865 | D:15     | Noticed Rupert
 31868 | D:15     | Killed Rupert
 32359 | Depths:1 | Entered Level 1 of the Depths
 32426 | Depths:1 | Found a one-way gateway to a ziggurat.
 32525 | Depths:1 | Found a one-way gate leading to the halls of Pandemonium.
 32626 | Depths:1 | Noticed a frost giant
 32629 | Depths:1 | Killed a frost giant
 34355 | Lair:4   | Reached skill level 5 in Fighting
 34853 | Lair:5   | Learned a level 3 spell: Tukima's Dance
 35327 | Lair:5   | Found a shimmering blue altar of Sif Muna.
 35620 | Lair:5   | Reached XP level 16. HP: 77/77 MP: 24/29
 35913 | Slime:1  | Entered Level 1 of the Pits of Slime
 37119 | Spider:1 | Acquired 853 gold pieces
 38004 | Spider:2 | Reached skill level 10 in Spellcasting
 38151 | Spider:2 | Learned a level 5 spell: Silence
 38473 | Spider:3 | Noticed Arachne
 38663 | Spider:3 | Killed Arachne
 39057 | Spider:3 | Noticed Kirke
 39059 | Spider:3 | Killed Kirke
 39065 | Spider:3 | Gained mutation: You are vulnerable to heat. (rF-) [potion
                  | of mutation]
 39065 | Spider:3 | Gained mutation: A frigid envelope surrounds you and
                  | freezes all who hurt you. [potion of mutation]
 39773 | Spider:3 | Noticed Aizul
 40606 | Depths:1 | Found a gateway to Hell.
 40618 | Depths:1 | Found Zymnab's Book Emporium.
 40622 | Depths:1 | Found Taorph's Armour Shoppe.
 40622 | Depths:1 | Found Gecu's General Store.
 42813 | Spider:4 | Entered Level 4 of the Spider Nest
 43768 | Spider:3 | Reached XP level 17. HP: 59/83 MP: 21/32
 45051 | Slime:1  | Reached skill level 5 in Invocations
 45075 | Slime:1  | Gained mutation: You are clumsy. (Dex -2) [a shining eye]
 45126 | Lair:5   | Learned a level 3 spell: Mephitic Cloud
 49040 | Depths:1 | Found a glowing silver altar of Zin.
 49077 | Depths:1 | Found Yffueg's Book Shoppe.
 49648 | Depths:1 | Hit by a large rock thrown by a stone giant

Illustrated notes

Levels and vault maps discovered:
D:1:      dpeg_arrival_court, layout_basic
D:2:      layout_rooms, basic_altar
D:3:      layout_loops_corners, uniq_jessica, uniq_grinder, uniq_sigmund
D:4:      layout_loops_corners, gammafunk_ghost_necromancy, minivault_26,
          minmay_mini_ossuary, uniq_ijyb, uniq_menkaure
D:5:      layout_layer_cave
D:6:      layout_gridville, chequers_garden, uniq_prince_ribbit1,
          uniq_eustachio, uniq_blork_the_orc, uniq_edmund
D:7:      layout_gridville, minmay_temple_entry_gardened_gates, serial_shops,
          nicolae_shop_trees, uniq_pikel
D:8:      minmay_the_grid_octo_triangle [minmay_the_grid_octo_toaster,
          minmay_the_grid_octo_prize_square_snowflake,
          minmay_the_grid_octo_focus], layout_basic, serial_shops,
          nicolae_shop_tiny_glass, shop, nicolae_shop_mannequins, shop
D:9:      layout_long_grid
D:10:     layout_roguey, nicolae_qazlal_eye_of_the_storm, erik_lair_island
D:11:     layout_basic, hiddenorc1_lemuel, serial_shops,
          nicolae_shop_industrial_runoff
D:12:     layout_basic, serial_corexii_hall, corexii_hall_statues_u,
          chequers_hall_statues_corner_a, chequers_hall_statues_wall_a,
          chequers_hall_statues_corner_a, serial_shops,
          nicolae_shop_tiny_real_fake_doors, shop, nicolae_shop_window_shopping,
          shop_fountains, nicolae_shop_tiny_real_fake_doors
D:13:     layout_rooms, david_vaults_1, fedhas_bush_and_centaur_altar
D:14:     layout_roguey, serial_shops, shop_fountains
D:15:     grunt_enter_depths_hoard, layout_basic, minmay_misc_feat_iff,
          uniq_roxanne, uniq_rupert
Temple:   mainiacjoe_temple_hex_bubbles
Lair:1:   layout_loops_ring, portal_ice_cave_entry_pillars_2,
          cheibrodos_lair_reptile_den, grunt_megastairs_2
Lair:2:   layout_roguey, minmay_shoals_entry_beasts,
          nicolae_spider_entry_lesser_pyramids, enter_volcano_2,
          serial_bayou_shore_b
Lair:3:   layout_layer_cave
Lair:4:   layout_roguey, st_stairs_3, minivault_26, minmay_shattered_shrine,
          uniq_urug
Lair:5:   due_jungle_book, layout_cave_pods, nicolae_slime_entry_field_trip,
          basic_altar
Shoals:1: layout_shoals, regret_index_shoals_crete
Spider:1: layout_spider_delve
Spider:2: nicolae_spider_hilbert_zone_7 [nicolae_spider_hilbert_4_sides_1_open,
          nicolae_spider_hilbert_4_sides_1_open,
          nicolae_spider_hilbert_4_sides_1_open,
          nicolae_spider_hilbert_4_sides_1_open,
          nicolae_spider_hilbert_3_sides_1_open,
          nicolae_spider_hilbert_3_sides_1_open,
          nicolae_spider_hilbert_3_sides_1_open,
          nicolae_spider_hilbert_3_sides_1_open,
          nicolae_spider_hilbert_4_sides_1_open,
          nicolae_spider_hilbert_4_sides_1_open,
          nicolae_spider_hilbert_4_sides_1_open,
          nicolae_spider_hilbert_2_sides_1_open,
          nicolae_spider_hilbert_2_sides_1_open,
          nicolae_spider_hilbert_2_sides_1_open,
          nicolae_spider_hilbert_2_sides_1_open,
          nicolae_spider_hilbert_2_sides_1_open,
          nicolae_spider_hilbert_2_sides_1_open]
Spider:3: layout_spider_delve, uniq_aizul, uniq_kirke, uniq_arachne
Spider:4: grunt_spider_rune_circles
Slime:1:  layout_caves
Depths:1: layout_roguey, enter_ziggurat_f, hell_entry, rand_demon_pan_entry_3,
          zin_statuary, minmay_shoptagon, grunt_megastairs_1
Depths:2: evilmike_halls_of_destruction, layout_basic, ashenzari_altar_1,
          pan_entry, nicolae_hell_entry_hellmouth_sunbeams,
          serial_bayou_shore_b, infiniplex_staircase_pool_2

Skill      XL: |  1  2  3  4  5  6  7  8  9 10 11 12 13 14 15 16 17 |
---------------+----------------------------------------------------+-----
Dodging        | 3 4 5 6 7 10 11 12 13 14 | 14.9
Ranged Weapons | 5 6 7 8 9 10 11 14 | 14.5
Fighting       | 2 3 4 5 6 7 |  7.8
Stealth        | 2 3 5 7 9 12 18 21 24 | 24.9
Short Blades   | 2 3 4 6 7 8 9 |  9.6
Invocations    | 1 3 4 7 |  7.2
Evocations     | 6 7 |  7.3
Hexes          | 5 8 9 |  9.7
Ice Magic      | 3 5 6 |  6.7
Spellcasting   | 5 8 10 | 10.0
Polearms       | |  0.6
Staves         | |  0.3
Summonings     | |  0.1
Air Magic      | |  0.2

Action                     |  1- 3 |  4- 6 |  7- 9 | 10-12 | 13-15 | 16-18 || total
---------------------------+-------+-------+-------+-------+-------+-------++-------
  Melee: Dagger            |       |    14 |    77 |   184 |   262 |       ||   537
         Punch             |       |       |       |     2 |     5 |    13 ||    20
         Short sword       |       |       |       |       |    90 |   738 ||   828
   Fire: Shortbow          |    72 |   172 |    99 |   588 |   523 |   586 ||  2040
   Cast: Shock             |       |    21 |    24 |     4 |    10 |    11 ||    70
         Call Imp          |       |       |       |       |     1 |       ||     1
         Necrotise         |       |       |       |       |    14 |    13 ||    27
         Metabolic Englaci |       |       |       |       |     2 |     3 ||     5
         Blink             |       |       |       |       |       |     1 ||     1
 Invoke: Shadow Step       |       |       |       |     2 |     7 |    11 ||    20
  Evoke: Wand              |       |     8 |    23 |     2 |     8 |    52 ||    93
         Box of beasts     |       |       |       |     3 |       |     1 ||     4
         Piece from Xom's  |       |       |       |     4 |    17 |     5 ||    26
         Tin of tremorston |       |       |       |       |       |     2 ||     2
         Phial of floods   |       |       |       |       |       |     1 ||     1
    Use: Potion            |     1 |     5 |     3 |     2 |    13 |     6 ||    30
         Scroll            |       |    13 |     7 |    20 |     8 |     8 ||    56
   Stab: Sleeping          |       |       |    12 |    53 |    84 |    87 ||   236
         Distracted        |       |       |       |     1 |     1 |     2 ||     4
         Invisible         |       |       |       |       |    18 |       ||    18
         Paralysed         |       |       |       |       |     2 |     2 ||     4
 Armour: Robe              |     1 |    20 |    14 |    12 |    50 |    82 ||   179
  Dodge: Dodged            |    20 |    56 |   126 |   147 |   530 |  1116 ||  1995
